Map: Deathaura LE

Players

Serral

  • Race: Zerg Zerg
  • Spawn Location: 11:00

Stats - Winner!

  • Race: Protoss Protoss
  • Spawn Location: 5:00

Event: DreamHack SC2 Masters 2020 Winter

VOD

Have the link to the VOD?

Description

Time

  • Played on: Nov. 15, 2020, 11:03 a.m.
  • Length: 20:43

All games in this series

Show
View Real Time Build Order
Export as new Build Order

Serral Zerg 

Build Orders: Hatch First, Brood Lord Corruptor 

Get SALT Encoding   

  12  0:00  Drone  
  13  0:12  Overlord  
  13  0:16  Drone  
  14  0:30  Drone x2  
  16  0:36  Drone  
  17  0:51  Hatchery  
  17  0:54  Drone  
  17  0:57  Drone  
  18  1:04  Extractor  
  17  1:14  Spawning Pool  
  17  1:17  Drone  
  17  1:20  Drone  
  18  1:28  Drone  
  19  1:39  Drone  
  20  1:49  Overlord  
  20  2:01  Queen  
  20  2:03  Queen  
  20  2:04  Metabolic Boost  
  20  2:07  Zergling x2  
  25  2:10  Zergling x2  
  25  2:12  Drone  
  27  2:16  Drone  
  27  2:22  Drone  
  29  2:25  Drone  
  30  2:33  Drone  
  30  2:35  Drone  
  32  2:42  Hatchery  
  31  2:48  Queen  
  32  2:52  Overlord  
  32  2:55  Zergling x2  
  32  2:57  Drone  
  34  2:59  Drone  
  35  3:10  Drone  
  35  3:12  Drone x3  
  39  3:13  Overlord  
  39  3:15  Drone  
  39  3:18  Spore Crawler  
  39  3:21  Drone  
  39  3:24  Queen  
  42  3:29  Overlord  
  42  3:31  Drone  
  43  3:36  Overlord  
  43  3:49  Drone x2, Spore Crawler  
  43  3:50  Overlord  
  43  3:51  Drone  
  43  3:52  Drone x2  
  47  3:55  Zergling x2  
  47  3:57  Drone x3  
  47  4:02  Queen  
  51  4:04  Drone  
  51  4:05  Drone  
  51  4:08  Zergling x2  
  56  4:12  Queen  
  56  4:14  Drone  
  56  4:16  Drone x2  
  61  4:22  Roach Warren  
  59  4:26  Drone x4  
  63  4:33  Lair  
  63  4:36  Drone x3  
  63  4:37  Drone, Extractor x2  
  65  4:42  Drone x3  
  65  4:45  Spore Crawler  
  67  4:47  Overlord  
  67  4:48  Zergling x2  
  67  4:49  Zergling x2  
  70  4:52  Drone  
  70  4:53  Drone x2  
  72  5:01  Drone x2, Extractor  
  72  5:04  Overlord  
  73  5:07  Evolution Chamber  
  73  5:09  Zergling x4  
  73  5:10  Overlord  
  73  5:13  Drone x2  
  76  5:14  Drone  
  76  5:15  Overlord  
  76  5:17  Overlord  
  76  5:18  Roach  
  76  5:20  Overlord  
  79  5:23  Queen  
  79  5:26  Queen  
  79  5:27  Drone  
  83  5:28  Drone  
  83  5:30  Drone  
  83  5:33  Drone x3  
  88  5:36  Zerg Melee Weapons Level 1  
  88  5:39  Glial Reconstitution  
  88  5:42  Drone x3  
  91  5:44  Overlord  
  91  5:51  Extractor  
  91  5:52  Extractor  
  91  5:55  Hydralisk Den  
  91  5:56  Hatchery  
  87  5:57  Drone  
  87  5:58  Drone  
  87  6:02  Queen  
  87  6:03  Spore Crawler  
  90  6:05  Queen  
  90  6:08  Drone x2  
  90  6:11  Drone x2  
  96  6:13  Drone x2  
  96  6:16  Overlord  
  96  6:17  Drone  
  99  6:21  Drone x2  
  99  6:22  Drone x3  
  99  6:24  Overseer  
  103  6:27  Muscular Augments  
  103  6:29  Overlord  
  103  6:33  Hydralisk  
  103  6:34  Hydralisk  
  103  6:39  Hydralisk x2  
  106  6:40  Hydralisk  
  106  6:42  Overseer  
  111  6:48  Drone x2  
  111  6:49  Drone, Baneling Nest  
  111  6:50  Drone x3  
  116  6:55  Drone x3  
  116  6:56  Pneumatized Carapace  
  119  7:04  Hydralisk x4  
  119  7:07  Overlord  
  127  7:12  Drone x2  
  127  7:13  Drone, Extractor  
  127  7:14  Extractor  
  128  7:16  Hydralisk x2  
  128  7:18  Evolution Chamber  
  134  7:30  Drone x2, Infestation Pit  
  134  7:31  Hydralisk x3  
  134  7:32  Hydralisk x2  
  142  7:38  Centrifical Hooks, Grooved Spines  
  142  7:42  Hydralisk x3  
  147  7:45  Hatchery, Zerg Missile Weapons Level 1  
  147  7:49  Zerg Melee Weapons Level 2  
  146  7:56  Hydralisk x3  
  150  8:03  Drone  
  150  8:05  Overlord x3  
  151  8:06  Overlord x3  
  151  8:16  Hive  
  151  8:20  Overlord  
  151  8:22  Overlord  
  151  8:24  Overlord  
  151  8:25  Zergling x34  
  168  8:28  Overseer  
  168  8:34  Overlord  
  168  8:35  Hydralisk  
  168  8:36  Zergling x6  
  168  8:39  Drone, Spire  
  173  8:44  Baneling x7  
  173  8:45  Baneling x11  
  173  8:47  Zergling x6  
  176  9:02  Drone, Extractor  
  174  9:03  Drone x3  
  174  9:05  Baneling x8  
  174  9:07  Zergling x22  
  188  9:17  Overlord  
  188  9:26  Baneling x4  
  188  9:31  Adrenal Glands  
  188  9:32  Zergling x24  
  200  9:43  Zerg Missile Weapons Level 2  
  199  9:52  Spore Crawler, Extractor  
  198  9:53  Extractor  
  198  9:54  Drone x2, Greater Spire  
  198  9:55  Drone  
  199  10:04  Overlord  
  199  10:05  Overseer  
  191  10:32  Corruptor x7  
  180  10:49  Drone x10  
  187  10:56  Corruptor  
  189  10:58  Overlord x2  
  189  11:00  Zerg Ground Armor Level 1  
  189  11:01  Spore Crawler x2  
  189  11:02  Viper x2, Spore Crawler  
  189  11:03  Spore Crawler  
  191  11:04  Spore Crawler x2  
  191  11:05  Spore Crawler  
  191  11:06  Spore Crawler x3  
  191  11:07  Spore Crawler x2  
  191  11:10  Zerg Flyer Weapons Level 1  
  183  11:13  Drone x3  
  183  11:14  Drone x2, Spine Crawler  
  183  11:15  Spine Crawler x4  
  183  11:17  Drone x3  
  183  11:18  Spine Crawler  
  184  11:26  Brood Lord x8  
  199  11:34  Overseer x2, Spine Crawler  
  199  11:35  Corruptor  
  199  11:36  Corruptor  
  199  11:39  Baneling x4  
  199  11:42  Baneling x3  
  199  11:55  Spire  
  199  11:57  Ultralisk Cavern, Corruptor  
  193  12:16  Corruptor x3  
  199  12:32  Spore Crawler  
  199  12:33  Drone x2  
  199  12:34  Spore Crawler, Hatchery  
  199  12:35  Spore Crawler  
  199  12:36  Spore Crawler  
  195  12:46  Corruptor x3  
  195  12:48  Spore Crawler  
  195  12:50  Chitinous Plating  
  199  13:03  Spore Crawler  
  199  13:04  Spore Crawler  
  199  13:05  Overseer  
  197  13:06  Zerg Ground Armor Level 2  
  197  13:07  Drone x3  
  197  13:09  Spore Crawler, Zerg Flyer Armor Level 1  
  197  13:10  Spore Crawler x2, Zerg Flyer Weapons Level 2  
  197  13:12  Spore Crawler  
  196  13:13  Drone  
  196  13:14  Drone x3, Spore Crawler  
  196  13:18  Zerg Melee Weapons Level 3  
  199  13:26  Drone  
  200  13:30  Pathogen Glands  
  200  13:31  Burrow  
  195  13:41  Corruptor x2  
  199  13:59  Unknown  
  199  14:02  Unknown, Corruptor  
  193  14:03  Corruptor x2  
  193  14:09  Anabolic Synthesis  
  193  14:17  Corruptor x3  
  194  14:27  Viper  
  189  14:40  Corruptor x3  
  195  14:48  Neural Parasite  
  195  14:53  Overseer  
  195  14:55  Viper  
  195  14:56  Corruptor  
  200  15:00  Spore Crawler  
  187  15:44  Corruptor  
  187  15:45  Corruptor x5  
  189  16:01  Drone x5  
  190  16:13  Ultralisk x2  
  190  16:14  Spore Crawler  
  190  16:15  Spore Crawler x2  
  190  16:16  Spore Crawler x2  
  190  16:17  Spore Crawler  
  190  16:18  Ultralisk x3, Zerg Flyer Armor Level 2, Zerg Flyer Weapons Level 3  
  198  16:33  Overseer x2  
  198  16:39  Drone x2  
  200  17:01  Zerg Ground Armor Level 3, Zerg Missile Weapons Level 3  
  200  17:28  Unknown  
  199  17:47  Hatchery  
  198  18:01  Infestor  
  195  18:30  Corruptor x2  
  199  18:35  Hatchery  
  175  19:01  Corruptor x9  
  151  19:09  Corruptor x7  
  139  19:13  Ultralisk x3  
  139  19:14  Ultralisk  
  139  19:15  Viper x4  
  139  19:16  Overseer  
  139  19:17  Overseer  
  171  19:39  Corruptor x4  
  168  20:00  Ultralisk x2  
  168  20:04  Overlord x2  
  182  20:14  Overlord x2  
Show
View Real Time Build Order
Export as new Build Order

Stats Protoss - Winner!

Build Orders: 1 Gate Expand, Oracle Opening, Carriers 

Get SALT Encoding   

  12  0:00  Probe  
  13  0:12  Probe  
  14  0:19  Pylon  
  14  0:24  Probe  
  15  0:37  Probe (Chrono Boost)  
  15  0:42  Gateway  
  16  0:47  Probe (Chrono Boost)  
  16  0:49  Assimilator  
  17  0:52  Probe (Chrono Boost)  
  18  1:03  Probe  
  19  1:15  Probe  
  20  1:26  Nexus  
  20  1:36  Cybernetics Core  
  20  1:38  Probe  
  21  1:46  Assimilator  
  21  1:50  Probe  
  22  1:55  Pylon  
  22  2:02  Probe  
  23  2:10  Adept (Chrono Boost)  
  23  2:15  Probe  
  26  2:19  Stargate  
  26  2:27  Probe  
  26  2:28  Warp Gate  
  27  2:33  Adept  
  29  2:38  Probe (Chrono Boost)  
  29  2:39  Probe (Chrono Boost)  
  31  2:48  Probe x2 (Chrono Boost)  
  33  2:53  Probe  
  33  2:54  Probe  
  33  2:55  Void Ray (Chrono Boost)  
  39  3:05  Probe  
  39  3:06  Probe  
  41  3:13  Pylon  
  41  3:18  Probe x2  
  43  3:30  Probe x2, Oracle (Chrono Boost)  
  43  3:33  Gateway  
  48  3:42  Probe x2  
  50  3:51  Nexus  
  50  3:53  Pylon  
  50  3:55  Probe x2  
  50  4:01  Assimilator  
  52  4:03  Assimilator  
  52  4:07  Probe  
  52  4:08  Probe  
  52  4:09  Stargate  
  54  4:17  Pylon  
  54  4:20  Probe x2  
  56  4:27  Stargate  
  56  4:32  Probe x2  
  58  4:44  Probe x2, Void Ray  
  60  4:50  Pylon  
  64  4:55  Pylon, Void Ray  
  64  4:56  Probe x2  
  66  5:03  Probe  
  71  5:08  Probe x2  
  71  5:09  Void Ray (Chrono Boost)  
  73  5:15  Probe  
  73  5:18  Assimilator  
  73  5:20  Assimilator, Probe x2  
  80  5:22  Shield Battery  
  80  5:27  Probe, Void Ray (Chrono Boost)  
  81  5:32  Probe  
  81  5:33  Probe  
  81  5:35  Void Ray (Chrono Boost)  
  83  5:39  Probe  
  88  5:45  Probe x2  
  88  5:46  Shield Battery  
  88  5:47  Shield Battery  
  88  5:49  Pylon  
  94  5:51  Void Ray (Chrono Boost)  
  94  5:52  Shield Battery  
  94  5:53  Shield Battery  
  94  5:54  Probe  
  94  5:57  Probe x2  
  101  6:04  Gateway  
  101  6:06  Gateway  
  101  6:09  Probe, Void Ray  
  101  6:10  Pylon, Probe x2  
  108  6:22  Void Ray  
  108  6:24  Pylon  
  108  6:28  Pylon  
  112  6:33  Forge, Twilight Council  
  112  6:36  Nexus  
  112  6:38  Pylon  
  112  6:42  Pylon, Probe x3  
  115  6:49  Gateway  
  115  6:51  Charge, Gateway  
  115  6:54  Gateway  
  115  6:56  Gateway  
  115  7:03  Protoss Ground Weapons Level 1 (Chrono Boost)  
  115  7:04  Probe x3  
  115  7:08  Shield Battery  
  118  7:14  Templar Archives  
  118  7:17  Gateway  
  118  7:18  Gateway  
  118  7:19  Probe x3  
  121  7:26  Assimilator  
  121  7:32  Assimilator  
  121  7:33  Zealot x4  
  121  7:36  Shield Battery  
  129  7:41  Probe x3  
  129  7:43  Psionic Storm  
  132  7:44  Photon Cannon  
  132  7:45  Photon Cannon  
  132  7:46  Shield Battery  
  132  7:50  Robotics Facility  
  132  7:57  High Templar x4  
  140  8:02  High Templar x2, Probe x4  
  148  8:07  Pylon  
  148  8:09  Pylon  
  148  8:17  Photon Cannon  
  148  8:19  Photon Cannon, Shield Battery  
  148  8:29  Pylon  
  148  8:30  Pylon  
  148  8:35  Protoss Air Weapons Level 1 (Chrono Boost)  
  148  8:36  Fleet Beacon  
  148  8:39  Observer (Chrono Boost)  
  149  8:47  Photon Cannon  
  149  8:50  High Templar x4, Zealot x2  
  149  8:51  Warp Prism (Chrono Boost), Zealot x4  
  149  8:54  Archon x2  
  149  8:55  Protoss Ground Weapons Level 2 (Chrono Boost)  
  170  9:07  Pylon  
  170  9:16  Nexus, Pylon, Zealot x6  
  182  9:20  Pylon  
  182  9:40  Carrier (Chrono Boost)  
  182  9:41  Carrier x2 (Chrono Boost)  
  198  9:59  Gateway  
  196  10:00  Gateway  
  190  10:11  Zealot x6  
  198  10:29  Zealot  
  198  10:32  Protoss Air Weapons Level 2  
  198  10:36  Zealot  
  198  10:37  Carrier x2 (Chrono Boost)  
  198  10:38  Carrier (Chrono Boost)  
  198  10:42  Warp Prism (Chrono Boost)  
  186  10:52  Shield Battery  
  186  10:55  Shield Battery  
  186  10:58  Photon Cannon x2  
  186  11:01  Photon Cannon  
  186  11:02  Photon Cannon  
  186  11:04  Photon Cannon  
  186  11:06  Photon Cannon  
  186  11:10  Assimilator  
  186  11:14  Assimilator  
  186  11:34  Photon Cannon  
  186  11:37  Photon Cannon  
  198  11:48  High Templar x3  
  198  11:49  High Templar x3  
  198  11:50  Zealot  
  200  11:56  Archon x3  
  200  12:11  Protoss Ground Weapons Level 3 (Chrono Boost)  
  200  12:12  Forge  
  200  12:13  Cybernetics Core  
  200  12:31  Stargate  
  200  12:32  Stargate  
  200  12:34  Stargate  
  200  12:36  Photon Cannon  
  198  12:46  Nexus  
  198  12:50  Pylon  
  193  12:56  Photon Cannon  
  193  12:57  Photon Cannon, Protoss Shields Level 1 (Chrono Boost)  
  193  13:00  Photon Cannon  
  193  13:02  Pylon  
  193  13:05  Nexus, Protoss Air Armor Level 1 (Chrono Boost)  
  193  13:11  Protoss Air Weapons Level 3 (Chrono Boost)  
  193  13:14  Mothership (Chrono Boost)  
  200  13:22  Photon Cannon  
  200  13:23  Photon Cannon  
  200  13:27  Photon Cannon x2  
  200  13:29  Photon Cannon  
  200  13:30  Photon Cannon  
  200  13:32  Photon Cannon  
  200  13:34  Shield Battery  
  200  13:35  Shield Battery  
  200  13:37  Shield Battery  
  200  13:38  Shield Battery  
  200  13:39  Photon Cannon x2, Shield Battery  
  196  13:41  Photon Cannon, Shield Battery  
  196  13:44  Shield Battery  
  196  13:46  Shield Battery  
  196  13:48  Shield Battery  
  196  13:50  Photon Cannon  
  196  13:52  Photon Cannon  
  196  13:54  Photon Cannon  
  196  13:57  Unknown  
  188  14:03  Unknown  
  187  14:23  Zealot  
  187  14:24  Zealot x7  
  187  14:25  Zealot  
  187  14:28  Observer (Chrono Boost)  
  200  14:34  Robotics Facility  
  200  14:58  Photon Cannon  
  200  15:00  Photon Cannon  
  200  15:04  Pylon  
  200  15:08  Pylon  
  200  15:12  Assimilator  
  198  15:15  Assimilator  
  198  15:16  Photon Cannon  
  177  15:47  Carrier x5 (Chrono Boost)  
  177  15:48  Carrier (Chrono Boost)  
  177  15:53  Protoss Shields Level 2 (Chrono Boost)  
  195  15:57  Protoss Ground Armor Level 1 (Chrono Boost)  
  195  16:04  Nexus  
  195  16:10  Protoss Air Armor Level 2 (Chrono Boost)  
  195  16:23  Observer  
  195  16:24  Warp Prism  
  195  16:25  Blink (Chrono Boost)  
  196  17:50  Flux Vanes  
  194  18:29  Stalker x3  
  182  18:57  Stalker x5  
  182  18:58  Stalker x5  
  182  18:59  Stalker x2  
  157  19:22  High Templar x5  
  157  19:23  High Templar x4, Stalker x3  
  180  19:28  Archon x4  
  176  19:57  Stalker x5  
  176  19:58  Stalker x4  
  176  19:59  Stalker x3  
  196  20:27  Unknown  
  196  20:30  Nexus  
  196  20:31  Pylon  
  158  20:39  Stalker x2  
Tags
 
Add a new tag
Caveats
  • Supply blocks, unpowered buildings, or Contaminate may cause inaccurate times.
  • Supply counts are checked every 10 seconds.